 Dungeon Crawl Stone Soup version 0.30-a0-622-gddc90eaa04 (webtiles) character file.

Game seed: 5806136802211031257

93882 themarg the Cruncher (level 16, -18/125 HPs)
             Began as a Gnoll Transmuter on Jan 10, 2023.
             Was a High Priest of Nemelex Xobeh.
             Killed from afar by an ironbound frostheart (24 damage)
             ... by creeping frost
             ... in an ice cave.
             The game lasted 01:33:19 (29893 turns).

themarg the Cruncher (Gnoll Transmuter)            Turns: 29893, Time: 01:33:19

Health: -18/125    AC: 17    Str: 16    XL:     16   Next: 9%
Magic:  0/32       EV: 17    Int: 24    God:    Nemelex Xobeh [*****.]
Gold:   1645       SH:  0    Dex: 12    Spells: 8/39 levels left

rFire   . . .      SeeInvis +      - Unarmed
rCold   . . .      Faith    .    (shield currently unavailable)
rNeg    . . .      Spirit   +    S - +5 robe of Night {Dark Will+ SInv}
rPois   .          Reflect  .    U - +2 hat {Int+3}
rElec   .          Harm     .    s - +2 cloak
rCorr   +          Rampage  .    (gloves currently unavailable)
Will    ++...                    v - +2 pair of boots
Stlth   +++++                    L - amulet of guardian spirit
HPRegen 0.40/turn                i - +6 ring of strength
MPRegen 0.23/turn                h - ring of resist corrosion

@: blade hands, studying Staves, invisible
A: fangs 1, strong nose, distributed training
a: End Transformation, Renounce Religion, Draw Escape, Draw Destruction, Draw
Summoning, Triple Draw, Deal Four, Stack Five


You were in an ice cave.
You worshipped Nemelex Xobeh.
Nemelex Xobeh was extremely pleased with you.
You had blades for hands.
You visited 3 branches of the dungeon, and saw 22 of its levels.
You also visited: Ossuary and Ice Cave.

You collected 2597 gold pieces.
You spent 952 gold pieces at shops.

Inventory:

Missiles
 g - 65 poisoned darts (quivered)
 t - 3 throwing nets
 y - 2 boomerangs of dispersal
 G - 2 silver javelins
 Y - a curare-tipped dart
Armour
 a - a +2 pair of gloves (melded)
 s - a +2 cloak (worn)
 v - a +2 pair of boots (worn)
 S - the +5 robe of Night (worn) {Dark Will+ SInv}
   (You found it on level 8 of the Dungeon)

   It shrouds the wearer in darkness, reducing the range at which they can see
   and be seen by others.
   SInv:      It lets you see invisible.
   Will:      It increases your willpower.
 T - a +1 troll leather armour
 U - a +2 hat of intelligence (worn)
Jewellery
 h - a ring of resist corrosion (right blade hand)
 i - a +6 ring of strength (left blade hand)
 L - an amulet of guardian spirit (around neck)
 W - a ring of wizardry
Wands
 k - a wand of roots (20)
 q - a wand of quicksilver (6)
 x - a wand of mindburst (15)
 B - a wand of digging (7)
 K - a wand of flame (54)
 R - a wand of charming (1)
Scrolls
 c - 10 scrolls of vulnerability
 d - a scroll of fear {unknown}
 e - 16 scrolls of teleportation
 f - a scroll of magic mapping
 n - a scroll of butterflies {unknown}
 o - 5 scrolls of blinking
 p - 4 scrolls of amnesia
 u - 2 scrolls of brand weapon
 w - 7 scrolls of fog
 A - 4 scrolls of immolation
 H - 3 scrolls of enchant weapon
 I - 2 scrolls of silence
 M - a scroll of torment {unknown}
 O - 4 scrolls of poison
Potions
 b - 6 potions of lignification
 j - 4 potions of curing
 l - a potion of cancellation
 m - a potion of attraction {unknown}
 r - 3 potions of berserk rage
 z - 2 potions of resistance
 C - 5 potions of flight
 D - 2 potions of might
 E - 2 potions of invisibility
 F - 2 potions of heal wounds
 J - 9 potions of haste
 N - 5 potions of ambrosia
 P - 2 potions of mutation
 Q - 5 potions of brilliance
 Z - 2 potions of magic
Miscellaneous
 V - a lightning rod (3/4)
 X - a condenser vane (inert)


   Skills:
 + Level 11.3 Fighting
 + Level 11.0 Short Blades
 + Level 11.0 Long Blades
 + Level 11.0 Axes
 + Level 11.0 Maces & Flails
 + Level 11.0 Polearms
 + Level 14.7 Staves
 + Level 11.0 Ranged Weapons
 + Level 11.0 Throwing
 + Level 11.0 Armour
 + Level 11.9 Dodging
 + Level 11.0 Stealth
 + Level 11.0 Shields
 + Level 12.7 Unarmed Combat
 + Level 12.0 Spellcasting
 + Level 9.2 Conjurations
 + Level 9.2 Hexes
 + Level 9.2 Summonings
 + Level 9.2 Necromancy
 + Level 9.2 Translocations
 + Level 10.0 Transmutations
 + Level 9.2 Fire Magic
 + Level 9.2 Ice Magic
 + Level 9.2 Air Magic
 + Level 9.2 Earth Magic
 + Level 9.2 Poison Magic
 + Level 11.9 Invocations
 + Level 11.0 Evocations


You had 8 spell levels left.
You knew the following spells:

 Your Spells              Type           Power      Damage    Failure   Level
a - Beastly Appendage     Tmut           100%       N/A       6%          1
b - Wereblood             Tmut           58%        N/A       7%          2
c - Spider Form           Tmut/Pois      57%        N/A       10%         3
d - Ice Form              Ice/Tmut       57%        N/A       14%         4
e - Mephitic Cloud        Conj/Pois/Air  56%        N/A       10%         3
f - Summon Forest         Summ/Tloc      28%        N/A       24%         5
g - Airstrike             Air            28%        2d(4-20)  14%         4
h - Summon Lightning Spi  Summ/Air       56%        N/A       14%         4
i - Blade Hands           Tmut           29%        N/A       21%         5

Your spell library contained the following spells:

 Spells                   Type           Power      Damage    Failure   Level
 Summon Small Mammal      Summ           100%       N/A       7%          1
 Cigotuvi's Dreadful Rot  Necr/Pois/Air  100%       N/A       8%          2
 Call Canine Familiar     Summ           56%        N/A       10%         3
 Frozen Ramparts          Ice            100%       1d16      10%         3
 Gell's Gravitas          Tloc           56%        N/A       10%         3
 Ignite Poison            Fire/Tmut/Pois 57%        N/A       10%         3
 Inner Flame              Hex/Fire       56%        N/A       10%         3
 Kindle Blastsparks       Fire/Tloc/Air  100%       2d18      10%         3
 Lesser Beckoning         Tloc           100%       N/A       10%         3
 Ozocubu's Armour         Ice            56%        N/A       10%         3
 Stone Arrow              Conj/Erth      100%       3d13      10%         3
 Summon Guardian Golem    Hex/Summ       56%        N/A       10%         3
 Teleport Other           Tloc           56%        N/A       10%         3
 Animate Armour           Summ/Erth      100%       N/A       14%         4
 Flame Wave               Conj/Fire      56%        2d13      14%         4
 Fulminant Prism          Conj/Hex       28%        3d14      14%         4
 Iskenderun's Mystic Bla  Conj/Tloc      56%        2d12      14%         4
 Petrify                  Tmut/Erth      57%        N/A       14%         4
 Sticky Flame             Conj/Fire      56%        2d7       14%         4
 Summon Ice Beast         Ice/Summ       56%        N/A       14%         4
 Lee's Rapid Deconstruct  Erth           28%        3d15*     24%         5
 Lightning Bolt           Conj/Air       28%        1d44      24%         5
 Metabolic Englaciation   Hex/Ice        28%        N/A       24%         5
 Silence                  Hex/Air        28%        N/A       24%         5
 Summon Mana Viper        Hex/Summ       56%        N/A       24%         5
 Statue Form              Tmut/Erth      38%        N/A       50%         6
 Iron Shot                Conj/Erth      28%        9d6       54%         6
 Simulacrum               Ice/Necr       28%        N/A       54%         6
 Summon Cactus Giant      Summ           28%        N/A       54%         6
 Ozocubu's Refrigeration  Ice            28%        4d13      93%         7
 Lehudib's Crystal Spear  Conj/Erth      28%        10d7      100%        8


Dungeon Overview and Level Annotations

Branches:
Dungeon (15/15)            Temple (0/1) D:4            Lair (5/5) D:9
 Shoals (0/4) Lair:3       Spider (0/4) Lair:3        Slime (0/5) Lair:5
    Orc (2/2) D:10            Elf (0/3) Orc:2        Vaults (0/5) D:14
 Depths (0/4) D:15        Ossuary (visited)           IceCv (1/1)

Altars:
Ashenzari
Cheibriados
Dithmenos
Fedhas
Gozag
Hepliaklqana
Kikubaaqudgha
Makhleb
Nemelex Xobeh
Okawaru
Qazlal
Sif Muna
Trog
Uskayaw
Vehumet
Zin
The Shining One
Jiyva

Shops:
D:5 *   D:10 *   Orc:2 (?[

Portals:
Hell: Lair:5
Trove: D:10 (show slimy rune of Zot)


Innate Abilities, Weirdness & Mutations

You have blades for hands.
Your spellcasting is less reliable in this form.
You are incapable of wielding weapons or throwing items.
You have very sharp teeth.
Your uncanny sense of smell can sniff out nearby items.
Your experience applies equally to all skills.


Message History

You have drawn Exile.
The ironbound frostheart completely misses you.
You draw a card...
You have drawn the Orb.
Press: ? - help, Shift-Dir - straight line, f - ironbound frostheart
Aim: an ironbound frostheart, wearing a +0 scale mail (lightly wounded, slow)
Your orb of destruction hits an ice covered rock wall. x4
You slash the ironbound frostheart!
Your bite misses the ironbound frostheart.
The ironbound frostheart is moderately wounded.
The ironbound frostheart calls freezing cold from the walls.
The frost grips you!
* * * LOW HITPOINT WARNING * * *
You are encased in ice.
You feel much better.
Okay, then.
Blink to where?
Press: ? - help, Dir - move target, p - ironbound frostheart A rime drake comes into view.
As you read the scroll of blinking, it crumbles to dust.
The ice encasing you melts away.
An ironbound frostheart comes into view.
You draw a card...
You have drawn the Orb.
Press: ? - help, Shift-Dir - straight line, f - ironbound frostheart
Aim: an ironbound frostheart, wearing a +0 scale mail (wandering, hasn't noticed you)
Your orb of destruction hits an ice covered rock wall.
You fade into invisibility!
The ironbound frostheart is no longer moving slowly.
The ironbound frostheart shouts!
The ironbound frostheart closely misses you.
The ironbound frostheart attacks as you move away!
The ironbound frostheart touches you.
* * * LOW HITPOINT WARNING * * *
The ironbound frostheart freezes you!!
* * * LOW HITPOINT WARNING * * *
The ironbound frostheart calls freezing cold from the walls.
The frost grips you!!
You die...
Your body glows slightly and disappears.

##..##### ###..##
##....###
#.....p.###
###.......### ##
##..k.....##
..#######.......#
.....♣#♣#.p.....#
#.......†#@....##
#............##
##..........##
##.#..[.#.## #
##..#### ##..#
##..## #..##
#...##


You could see 2 ironbound frosthearts and a rime drake (wandering, unable to see
you).

Vanquished Creatures
  Frances (D:12)
  An azure jelly (D:15)
  2 ettins
  A yaktaur captain (D:13)
  Harold (Lair:2)
  A hydra (D:14)
  2 ice dragons (IceCv)
  A vault guard (D:14)
  An ogre mage (D:11)
  An ironbound frostheart (IceCv)
  6 centaur warriors
  5 two-headed ogres
  3 tengu warriors
  Urug (Lair:3)
  2 boulder beetles
  3 death yaks
  Lodul (D:14)
  A wizard (Lair:5)
  An orange crystal statue (IceCv)
  A necromancer (D:15)
  3 orc knights
  2 wolf spider zombies (D:15)
  2 deep elf pyromancers
  3 ugly things
  6 orc sorcerers (Orc:2)
  4 cyclopes
  A manticore (D:12)
  3 black mambas
  A water nymph (Lair:3)
  Joseph (D:7)
  2 gargoyles
  Maggie (D:8)
  11 cane toads
  2 unseen horrors
  Psyche (D:11)
  3 centaur skeletons (D:15)
  9 komodo dragons
  5 rime drakes
  2 freezing wraiths (D:15)
  8 polar bears
  6 trolls
  A hornet (D:10)
  9 blink frogs
  5 dream sheep
  4 slime creatures (D:15)
  7 wyverns
  2 shadows (D:8)
  A vampire (D:10)
  15 yaks
  4 wraiths
  6 basilisks
  A steam dragon (Lair:2)
  6 wargs (Orc:2)
  Menkaure (D:5)
  6 acid dragons
  Duvessa (D:5)
  16 water moccasins
  2 hell hounds (Lair:5)
  A nameless horror (Orc:1)
  A sky beast (D:8)
  12 orc warriors
  2 ice beasts
  4 black bears
  15 ogres
  5 centaurs
  A phantom (D:5)
  18 bullfrogs
  An elf zombie (D:8)
  2 kobold brigands
  3 necrophages
  2 gnoll sergeants
  An elf skeleton (D:8)
  3 scorpions
  10 wights
  Dowan (D:5)
  5 killer bees (D:9)
  An electric eel (Lair:4)
  6 howler monkeys
  2 centaur zombies (Ossuary)
  2 gnoll boudas
  3 hounds
  A human zombie (Ossuary)
  3 jellies
  10 orc priests
  Crazy Yiuf (D:3)
  Jessica (D:3)
  2 iguanas
  33 orc wizards
  2 yak simulacra (Lair:2)
  A polar bear simulacrum (Lair:2)
  3 wolf simulacra (Lair:2)
  3 mummies (Ossuary)
  13 gnolls
  11 adders
  3 white imps (D:7)
  A dart slug (D:1)
  86 orcs
  7 endoplasms
  6 giant cockroaches
  2 gnoll zombies (Ossuary)
  17 goblins
  10 hobgoblins
  3 jackals (D:1)
  32 kobolds
  4 quokkas
  5 ball pythons
  6 bats
  6 frilled lizards
  A goblin zombie (Ossuary)
  A kobold zombie (Ossuary)
  3 orc skeletons (D:8)
  2 orc zombies
  8 rats
  3 river rat simulacra (Lair:2)
  A snaplasher vine (IceCv)
591 creatures vanquished.

Vanquished Creatures (collateral kills)
  Gastronok (D:9)
  An orc warlord (Orc:1)
  7 vault guards (D:14)
  2 hydras
  A hell beast (Lair:5)
  An ice dragon (IceCv)
  A centaur warrior (D:15)
  A two-headed ogre (D:12)
  2 death yaks
  2 tengu warriors (D:14)
  Amaemon (Lair:3)
  A deep elf pyromancer (D:14)
  A necromancer (Lair:2)
  2 orc sorcerers
  A manticore (D:14)
  3 ugly things
  2 orange demons
  5 elephants (Lair:3)
  A black mamba (Lair:2)
  A naga mage (D:15)
  A cane toad (Lair:3)
  A rime drake (IceCv)
  An efreet (D:14)
  4 komodo dragons
  3 red devils (Lair:5)
  An ice devil (Lair:5)
  2 tengu conjurers
  A hellwing (Lair:5)
  3 polar bears (IceCv)
  A dream sheep (Lair:4)
  2 wyverns
  25 yaks
  3 wargs (Orc:2)
  A water moccasin (Lair:5)
  3 hell hounds (Lair:5)
  4 orc warriors
  3 centaurs (D:15)
  An ogre (Orc:1)
  A gnoll sergeant (D:11)
  5 orc priests
  7 orc wizards
  A wolf simulacrum (Lair:2)
  3 gnolls (D:11)
  10 orcs
  A river rat simulacrum (Lair:2)
  A bush (Lair:3)
126 creatures vanquished.

Vanquished Creatures (others)
  An orc wizard (Orc:1)
  23 fungi
  48 plants
  8 snaplasher vines (IceCv)
80 creatures vanquished.

Grand Total: 797 creatures vanquished

Notes
Turn   | Place    | Note
-------+----------+-------------------------------------------
     0 | D:1      | themarg the Gnoll Transmuter began the quest for the Orb.
     0 | D:1      | Reached XP level 1. HP: 17/17 MP: 6/6
   140 | D:1      | Reached XP level 2. HP: 18/23 MP: 5/7
   143 | D:1      | Learned a level 2 spell: Wereblood
   394 | D:1      | Reached skill level 5 in Spellcasting
   394 | D:1      | Reached XP level 3. HP: 28/28 MP: 6/9
   398 | D:1      | Learned a level 3 spell: Spider Form
   630 | D:1      | Reached skill level 1 in Invocations
   791 | D:1      | Reached skill level 1 in Short Blades
   791 | D:1      | Reached skill level 1 in Long Blades
   791 | D:1      | Reached skill level 1 in Axes
   791 | D:1      | Reached skill level 1 in Maces & Flails
   791 | D:1      | Reached skill level 1 in Polearms
   791 | D:1      | Reached skill level 1 in Staves
   791 | D:1      | Reached skill level 1 in Ranged Weapons
   791 | D:1      | Reached skill level 1 in Throwing
   791 | D:1      | Reached skill level 1 in Armour
   791 | D:1      | Reached skill level 1 in Stealth
   791 | D:1      | Reached skill level 1 in Shields
   791 | D:1      | Reached skill level 1 in Evocations
  1047 | D:2      | Reached XP level 4. HP: 34/34 MP: 4/11
  1551 | D:2      | Reached skill level 1 in Conjurations
  1551 | D:2      | Reached skill level 1 in Hexes
  1551 | D:2      | Reached skill level 1 in Summonings
  1551 | D:2      | Reached skill level 1 in Necromancy
  1551 | D:2      | Reached skill level 1 in Translocations
  1551 | D:2      | Reached skill level 1 in Fire Magic
  1551 | D:2      | Reached skill level 1 in Ice Magic
  1551 | D:2      | Reached skill level 1 in Air Magic
  1551 | D:2      | Reached skill level 1 in Earth Magic
  1551 | D:2      | Reached skill level 1 in Poison Magic
  1742 | D:2      | Found a faded altar of an unknown god.
  1750 | D:2      | Prayed at the altar of an unknown god.
  1750 | D:2      | Became a worshipper of Nemelex Xobeh the Trickster
  1750 | D:2      | Reached * piety under Nemelex Xobeh
  2228 | D:3      | Reached XP level 5. HP: 40/40 MP: 10/12
  2600 | D:3      | Received a gift from Nemelex Xobeh
  2800 | D:3      | Reached skill level 2 in Staves
  2800 | D:3      | Reached skill level 5 in Dodging
  2800 | D:3      | Reached XP level 6. HP: 47/47 MP: 10/14
  2957 | D:3      | Noticed Jessica
  2963 | D:3      | Killed Jessica
  3046 | D:3      | Found a runed translucent door.
  3047 | D:3      | Noticed Crazy Yiuf
  3054 | D:3      | Killed Crazy Yiuf
  3345 | D:4      | Noticed a black bear
  3355 | D:4      | Killed a black bear
  3356 | D:4      | Reached XP level 7. HP: 50/52 MP: 12/15
  3577 | D:4      | Found a staircase to the Ecumenical Temple.
  3750 | D:4      | Reached ** piety under Nemelex Xobeh
  5230 | D:5      | Entered Level 5 of the Dungeon
  5234 | D:5      | Found Zin's Purification Station.
  5246 | D:5      | Found a glowing silver altar of Zin.
  5411 | D:5      | Received a gift from Nemelex Xobeh
  5471 | D:5      | Identified the +1 hat of Spite {Int-4 Dex+7}
  5768 | D:5      | Reached skill level 3 in Staves
  5768 | D:5      | Reached XP level 8. HP: 53/60 MP: 13/16
  5853 | D:5      | Noticed Menkaure
  5861 | D:5      | Killed Menkaure
  5942 | D:5      | Noticed Duvessa
  6046 | D:5      | Noticed Dowan
  6061 | D:5      | Killed Dowan
  6066 | D:5      | HP: 1/90 [poisoned by Duvessa]
  6074 | D:5      | Killed Duvessa
  6655 | D:6      | Found an iron altar of Okawaru.
  6655 | D:6      | Found a hazy altar of Hepliaklqana.
  6658 | D:6      | Found a shadowy altar of Dithmenos.
  6718 | D:6      | Reached *** piety under Nemelex Xobeh
  6907 | D:6      | HP: 1/61 [gnoll sergeant/+0 trident (10)]
  6911 | D:6      | Reached skill level 5 in Transmutations
  7111 | D:6      | Received a gift from Nemelex Xobeh
  7118 | D:6      | Reached skill level 4 in Staves
  7118 | D:6      | Reached XP level 9. HP: 66/66 MP: 15/18
  7123 | D:6      | Learned a level 4 spell: Ice Form
  7278 | D:6      | Got the Octavo of Anemomancy
  7622 | D:6      | Learned a level 3 spell: Mephitic Cloud
  7796 | D:7      | Reached skill level 5 in Fighting
  8014 | D:7      | Noticed Joseph
  8027 | D:7      | Killed Joseph
  8028 | D:7      | Reached skill level 5 in Staves
  8342 | D:7      | Reached skill level 5 in Invocations
  8814 | D:7      | Found a radiant altar of Vehumet.
  8821 | D:7      | Found an ancient bone altar of Kikubaaqudgha.
  8832 | D:7      | Found a shimmering blue altar of Sif Muna.
  9089 | D:8      | Reached **** piety under Nemelex Xobeh
  9137 | D:8      | Found a sand-covered staircase.
  9142 | Ossuary  | Entered an ossuary
  9543 | Ossuary  | Reached skill level 5 in Short Blades
  9543 | Ossuary  | Reached skill level 5 in Long Blades
  9543 | Ossuary  | Reached skill level 5 in Axes
  9543 | Ossuary  | Reached skill level 5 in Maces & Flails
  9543 | Ossuary  | Reached skill level 5 in Polearms
  9543 | Ossuary  | Reached skill level 5 in Ranged Weapons
  9543 | Ossuary  | Reached skill level 5 in Throwing
  9543 | Ossuary  | Reached skill level 5 in Armour
  9543 | Ossuary  | Reached skill level 5 in Stealth
  9543 | Ossuary  | Reached skill level 5 in Shields
  9543 | Ossuary  | Reached skill level 5 in Evocations
  9556 | Ossuary  | Reached XP level 10. HP: 76/76 MP: 17/20
  9621 | D:8      | Reached skill level 6 in Staves
  9746 | D:8      | Found a hide-covered altar of Uskayaw.
  9941 | D:8      | Got the Meditations on Impure Shapeshifting
 10046 | D:8      | Noticed Maggie
 10057 | D:8      | Killed Maggie
 10667 | D:8      | Reached skill level 7 in Staves
 10779 | D:8      | Found the +5 robe of Night {Dark Will+ SInv}
 11368 | D:9      | Found a staircase to the Lair.
 11477 | D:9      | Received a gift from Nemelex Xobeh
 11494 | D:9      | Reached skill level 5 in Conjurations
 11494 | D:9      | Reached skill level 5 in Hexes
 11494 | D:9      | Reached skill level 5 in Summonings
 11494 | D:9      | Reached skill level 5 in Necromancy
 11494 | D:9      | Reached skill level 5 in Translocations
 11494 | D:9      | Reached skill level 5 in Fire Magic
 11494 | D:9      | Reached skill level 5 in Ice Magic
 11494 | D:9      | Reached skill level 5 in Air Magic
 11494 | D:9      | Reached skill level 5 in Earth Magic
 11494 | D:9      | Reached skill level 5 in Poison Magic
 11564 | D:9      | Found a bloodstained altar of Trog.
 11574 | D:9      | Reached XP level 11. HP: 83/83 MP: 17/22
 11758 | D:9      | Noticed Gastronok
 11779 | D:9      | Killed Gastronok
 11780 | D:9      | Reached skill level 8 in Staves
 11869 | D:9      | Reached ***** piety under Nemelex Xobeh
 11871 | D:9      | You fall into a shaft and drop 3 floors!
 11914 | D:12     | Noticed a manticore
 11923 | D:12     | Killed a manticore
 11988 | D:12     | Noticed a two-headed ogre
 11995 | D:12     | Killed a two-headed ogre
 12468 | D:12     | Noticed Frances
 12667 | D:12     | Noticed a cyclops
 12676 | D:12     | Killed a cyclops
 12677 | D:12     | Noticed a cyclops
 12683 | D:12     | a cyclops changed into an entropy weaver
 12683 | D:12     | Noticed an entropy weaver
 12685 | D:12     | Banished an entropy weaver
 13281 | D:11     | Found a blossoming altar of Fedhas.
 13307 | D:10     | Entered Level 10 of the Dungeon
 13347 | D:10     | Noticed a two-headed ogre
 13351 | D:10     | Found a staircase to the Orcish Mines.
 13384 | D:9      | Received a gift from Nemelex Xobeh
 13635 | D:9      | Reached skill level 9 in Staves
 13712 | D:9      | Noticed a boulder beetle
 13720 | D:9      | Killed a boulder beetle
 13751 | D:9      | Found a glowing golden altar of the Shining One.
 14265 | D:10     | Killed a two-headed ogre
 14266 | D:10     | Reached XP level 12. HP: 92/92 MP: 21/24
 14324 | D:10     | Identified the +5 ring mail of Vanity {rC- Str+8}
 14340 | D:10     | Received a gift from Nemelex Xobeh
 14420 | D:10     | Found Gozag's Platinum Reserve.
 14422 | D:10     | Found an opulent altar of Gozag.
 14685 | D:10     | Found a stormy altar of Qazlal.
 14722 | D:10     | Noticed a vault guard
 14726 | D:10     | a vault guard changed into an ettin
 14726 | D:10     | Noticed an ettin
 14731 | D:10     | Killed an ettin
 14784 | D:10     | Found a portal to a secret trove of treasure.
 14796 | D:10     | Received a gift from Nemelex Xobeh
 15040 | D:9      | Learned a level 5 spell: Summon Forest
 15041 | Lair:1   | Entered Level 1 of the Lair of Beasts
 15154 | Lair:1   | Reached skill level 10 in Unarmed Combat
 15581 | Lair:1   | Found a snail-covered altar of Cheibriados.
 15590 | Lair:1   | Reached skill level 10 in Staves
 15880 | Lair:1   | Received a gift from Nemelex Xobeh
 16530 | Lair:2   | Noticed Harold
 16547 | Lair:2   | Killed Harold
 17344 | Lair:3   | Reached XP level 13. HP: 99/99 MP: 17/26
 17474 | Lair:3   | Noticed Urug
 17489 | Lair:3   | Killed Urug
 17490 | Lair:3   | Reached skill level 11 in Staves
 18118 | Lair:3   | Received a gift from Nemelex Xobeh
 18120 | Lair:3   | Found a hole to the Spider Nest.
 18555 | Lair:3   | Reached skill level 10 in Spellcasting
 18714 | Lair:3   | Noticed Amaemon
 18759 | Lair:3   | Killed Amaemon
 18996 | Lair:3   | Reached skill level 10 in Dodging
 19212 | Lair:3   | Learned a level 4 spell: Airstrike
 19217 | Lair:3   | Learned a level 4 spell: Summon Lightning Spire
 19223 | Lair:3   | Learned a level 5 spell: Blade Hands
 19519 | Lair:4   | Received a gift from Nemelex Xobeh
 19612 | Lair:4   | You fall into a shaft and drop 1 floor!
 19612 | Lair:5   | Entered Level 5 of the Lair of Beasts
 19633 | Lair:5   | Found a staircase to the Slime Pits.
 19633 | Lair:5   | Found a viscous altar of Jiyva.
 19719 | Lair:5   | Received a gift from Nemelex Xobeh
 19915 | Lair:4   | Reached skill level 12 in Staves
 20118 | Lair:4   | Received a gift from Nemelex Xobeh
 20624 | Lair:5   | Reached ****** piety under Nemelex Xobeh
 20633 | Lair:5   | Reached XP level 14. HP: 108/108 MP: 17/28
 20719 | Lair:5   | Reached skill level 10 in Invocations
 21211 | Lair:5   | Received a gift from Nemelex Xobeh
 21477 | Lair:5   | Found a burning altar of Makhleb.
 21581 | Lair:5   | Found a gateway to Hell.
 22150 | D:11     | Noticed Psyche
 22158 | D:11     | Killed Psyche
 22340 | D:11     | Reached skill level 10 in Fighting
 22600 | D:11     | Received a gift from Nemelex Xobeh
 22855 | D:12     | Killed Frances
 23008 | D:12     | Reached skill level 13 in Staves
 23306 | Orc:1    | Entered Level 1 of the Orcish Mines
 23876 | Orc:2    | Entered Level 2 of the Orcish Mines
 23904 | Orc:2    | Noticed an orc warlord
 24041 | Orc:1    | Killed an orc warlord
 24584 | Orc:2    | Reached skill level 10 in Short Blades
 24584 | Orc:2    | Reached skill level 10 in Long Blades
 24584 | Orc:2    | Reached skill level 10 in Axes
 24584 | Orc:2    | Reached skill level 10 in Maces & Flails
 24584 | Orc:2    | Reached skill level 10 in Polearms
 24584 | Orc:2    | Reached skill level 10 in Ranged Weapons
 24584 | Orc:2    | Reached skill level 10 in Throwing
 24584 | Orc:2    | Reached skill level 10 in Armour
 24584 | Orc:2    | Reached skill level 10 in Stealth
 24584 | Orc:2    | Reached skill level 10 in Shields
 24584 | Orc:2    | Reached skill level 10 in Evocations
 25101 | Orc:2    | Found Yrafast's Magic Scroll Emporium.
 25101 | Orc:2    | Found Onunnel's Antique Armour Shop.
 25217 | Orc:2    | Reached XP level 15. HP: 117/117 MP: 25/30
 25255 | Orc:2    | Received a gift from Nemelex Xobeh
 25318 | Orc:2    | Found Tiont's Weapon Emporium.
 25318 | Orc:2    | Found Qucieb's Magic Scroll Shop.
 25582 | Orc:2    | Found a staircase to the Elven Halls.
 25635 | Orc:2    | Received a gift from Nemelex Xobeh
 25938 | Orc:2    | Bought a scroll of silence for 133 gold pieces
 25938 | Orc:2    | Bought a scroll of teleportation for 42 gold pieces
 25938 | Orc:2    | Bought a scroll of teleportation for 42 gold pieces
 25938 | Orc:2    | Bought a scroll of teleportation for 42 gold pieces
 25938 | Orc:2    | Bought 3 scrolls of fog for 168 gold pieces
 25938 | Orc:2    | Bought a scroll of identify for 28 gold pieces
 25973 | Orc:2    | Bought a scroll of fog for 56 gold pieces
 25973 | Orc:2    | Bought a scroll of enchant armour for 105 gold pieces
 25973 | Orc:2    | Bought a scroll of fog for 56 gold pieces
 25973 | Orc:2    | Bought a scroll of blinking for 105 gold pieces
 25973 | Orc:2    | Bought a scroll of teleportation for 42 gold pieces
 25973 | Orc:2    | Bought a scroll of enchant armour for 105 gold pieces
 25973 | Orc:2    | Bought a scroll of identify for 28 gold pieces
 26512 | D:13     | Received a gift from Nemelex Xobeh
 27552 | D:14     | Received a gift from Nemelex Xobeh
 27642 | D:14     | Noticed Lodul
 27656 | D:14     | Killed Lodul
 27901 | D:14     | Found a gate to the Vaults.
 27920 | D:14     | Reached skill level 14 in Staves
 28948 | D:15     | Entered Level 15 of the Dungeon
 29242 | D:15     | Found a broken altar of Ashenzari.
 29346 | D:15     | Found a frozen archway.
 29360 | D:15     | Noticed an azure jelly
 29373 | D:15     | Killed an azure jelly
 29409 | IceCv    | Entered an ice cave
 29434 | IceCv    | Reached skill level 10 in Transmutations
 29465 | IceCv    | Reached XP level 16. HP: 95/125 MP: 11/32
 29881 | IceCv    | HP: 6/125 [ironbound frostheart/creeping frost (8)]
 29893 | IceCv    | HP: 6/125 [ironbound frostheart (24)]
 29893 | IceCv    | Killed from afar by an ironbound frostheart

Illustrated notes

Levels and vault maps discovered:
D:1:      dpeg_arrival_round_a, layout_basic
D:2:      layout_loops_ring, shapermc_ecumenical_altar_totnotflames,
          minmay_misc_feat_alley, grunt_ministairs_10, minmay_goblin_outpost
D:3:      layout_loops_ring, kennysheep_jessica_study, uniq_crazy_yiuf_cottage
D:4:      kennysheep_kobold_camp, layout_basic, minmay_temple_entry_proselytizer
D:5:      layout_basic, zin_purify, grunt_decor_cap, dk_vineyard_3,
          uniq_duvessa, uniq_menkaure
D:6:      layout_cave_pools, gammafunk_temple_overflow_forgotten,
          skrybe_limestone_x, minmay_crystal_room, minmay_misc_feat_room,
          kennysheep_donut, nicolae_titane
D:7:      layout_basic, palyth_temple_overflow_mages, uniq_joseph
D:8:      nicolae_cairo_tiling_large, layout_layer_cave,
          mainiacjoe_overflow_cross_hatched, nicolae_ossuary_entry_catacombs,
          hellmonk_guarded_unrand_night, uniq_maggie
D:9:      layout_roguey, trog_ov_bears_minmay, general_overflow_altar,
          david_lair_generic, special_room [special_room_orc], uniq_gastronok
D:10:     layout_irregular_city, nicolae_gozag_zags_fifth_avenue,
          nicolae_qazlal_scattered_showers, enter_trove_5,
          minmay_fractal_squares_5
D:11:     layout_loops_cross, fedhas_bush_and_centaur_altar, uniq_psyche
D:12:     layout_basic, uniq_frances
D:13:     layout_loops_corners, reono_crystal_passage,
          statue_in_the_mist_lemuel, hangedman_decor_push, kennysheep_four_rooms
D:14:     layout_roguey, erik_vaults_2, uniq_lodul
D:15:     grunt_enter_depths_magical_seal, layout_small_grid, ashenzari_altar_1,
          portal_ice_cave_entry_frozen_things
Lair:1:   layout_loops_ring, basic_altar
Lair:2:   layout_roguey, eino_house_with_fridge, uniq_harold
Lair:3:   nzn_winding_woodlands_small [nzn_winding_woodlands_5x15_default,
          nzn_winding_woodlands_center_pierced_h,
          nzn_winding_woodlands_5x15_pockets], layout_small_grid,
          nicolae_shoals_entry_flooding, spider_nest_entry_webs, uniq_urug,
          uniq_amaemon
Lair:4:   layout_gridlike, infiniplex_staircase_pool_2, wad_woods_river_01
Lair:5:   evil_forest, layout_cave_pods, slime_entry_1
Orc:1:    layout_diamond_mine, david_defended_altar_orc
Orc:2:    st_orc_town, layout_caves
IceCv:    ice_cave_small_giant

Skill      XL: |  1  2  3  4  5  6  7  8  9 10 11 12 13 14 15 16 |
---------------+-------------------------------------------------+-----
Spellcasting   | 5 6 7 8 9 10 11 12 | 12.0
Invocations    | 1 2 3 4 5 6 7 8 9 10 11 | 11.9
Short Blades   | 1 2 3 5 6 7 8 9 10 11 | 11.0
Long Blades    | 1 2 3 5 6 7 8 9 10 11 | 11.0
Axes           | 1 2 3 5 6 7 8 9 10 11 | 11.0
Maces & Flails | 1 2 3 5 6 7 8 9 10 11 | 11.0
Polearms       | 1 2 3 5 6 7 8 9 10 11 | 11.0
Staves         | 1 2 3 4 5 7 9 10 12 13 14 | 14.7
Ranged Weapons | 1 2 3 5 6 7 8 9 10 11 | 11.0
Throwing       | 1 2 3 5 6 7 8 9 10 11 | 11.0
Armour         | 1 2 3 5 6 7 8 9 10 11 | 11.0
Stealth        | 1 2 3 5 6 7 8 9 10 11 | 11.0
Shields        | 1 2 3 5 6 7 8 9 10 11 | 11.0
Evocations     | 1 2 3 5 6 7 8 9 10 11 | 11.0
Conjurations   | 1 2 3 4 5 6 7 8 9 |  9.2
Hexes          | 1 2 3 4 5 6 7 8 9 |  9.2
Summonings     | 1 2 3 4 5 6 7 8 9 |  9.2
Necromancy     | 1 2 3 4 5 6 7 8 9 |  9.2
Translocations | 1 2 3 4 5 6 7 8 9 |  9.2
Fire Magic     | 1 2 3 4 5 6 7 8 9 |  9.2
Ice Magic      | 1 2 3 4 5 6 7 8 9 |  9.2
Air Magic      | 1 2 3 4 5 6 7 8 9 |  9.2
Earth Magic    | 1 2 3 4 5 6 7 8 9 |  9.2
Poison Magic   | 1 2 3 4 5 6 7 8 9 |  9.2
Fighting       | 3 4 5 6 7 8 9 10 11 | 11.3
Transmutations | 4 5 6 7 8 9 10 | 10.0
Dodging        | 5 6 7 8 9 10 11 | 11.9
Unarmed Combat | 7 8 9 10 11 12 | 12.7

Action                   |  1- 3 |  4- 6 |  7- 9 | 10-12 | 13-15 | 16-18 || total
-------------------------+-------+-------+-------+-------+-------+-------++-------
Melee: Unarmed           |    94 |    98 |   338 |   405 |   571 |    29 ||  1535
       Kick              |    15 |       |       |       |       |       ||    15
       Headbutt          |     8 |     1 |       |       |       |       ||     9
       Bite              |     7 |       |     4 |       |    54 |     2 ||    67
       Punch             |     3 |       |     1 |       |    37 |     1 ||    42
Throw: Stone             |       |       |       |     1 |       |       ||     1
 Cast: Beastly Appendage |    20 |     1 |       |       |       |       ||    21
       Wereblood         |     4 |     1 |     8 |     4 |       |       ||    17
       Spider Form       |     1 |    30 |    32 |     4 |       |       ||    67
       Ice Form          |       |       |    13 |    47 |    33 |     1 ||    94
       Mephitic Cloud    |       |       |     1 |     7 |    30 |       ||    38
       Summon Forest     |       |       |       |     6 |    37 |     4 ||    47
       Blade Hands       |       |       |       |       |    56 |     3 ||    59
       Summon Lightning  |       |       |       |       |    24 |       ||    24
       Airstrike         |       |       |       |       |     5 |       ||     5
Invok: Draw Destruction  |       |       |       |    13 |    15 |    11 ||    39
       Draw Summoning    |       |       |       |     5 |    23 |     3 ||    31
       Triple Draw       |       |       |       |     2 |     3 |     2 ||     7
       Draw Escape       |       |       |       |       |     1 |       ||     1
Evoke: Wand              |       |       |       |     2 |     2 |       ||     4
       Lightning rod     |       |       |       |     4 |       |     1 ||     5
       Condenser vane    |       |       |       |       |       |     1 ||     1
  Use: Scroll            |       |       |     7 |     6 |    15 |     1 ||    29
       Potion            |       |       |     5 |     2 |     3 |     5 ||    15
 Stab: Sleeping          |       |     6 |     6 |     5 |     2 |       ||    19
       Distracted        |       |       |     1 |     2 |    10 |     2 ||    15
       Confused          |       |       |       |     2 |    15 |       ||    17
Armor: Robe              |     8 |     1 |     1 |     4 |   116 |     6 ||   136
       Skin              |       |     7 |    43 |    81 |    66 |     6 ||   203
Dodge: Dodged            |    45 |    78 |   216 |   220 |   376 |    19 ||   954

Table legend: (Time is in decaauts)
 A = Elapsed time spent in this place.
 B = Non-inter-level travel time spent in this place.
 C = Inter-level travel time spent in this place.
 D = Time resting spent in this place.
 E = Time spent auto-exploring this place.
 F = Levels seen in this place.
 G = Mean time per level.
                   A        B        C        D        E       F      G
               +--------+--------+--------+--------+--------+-----+--------+
         Total |  29674 |  28788 |    886 |   2300 |  21576 |  24 | 1236.4 |
       Dungeon |  19228 |  18614 |    614 |   1108 |  14556 |  15 | 1281.9 |
          Lair |   6846 |   6685 |    161 |    245 |   5351 |   5 | 1369.2 |
  Orcish Mines |   2682 |   2571 |    111 |    421 |   1638 |   2 | 1341.0 |
       Ossuary |    440 |    440 |      0 |    228 |     26 |   1 |  440.0 |
      Ice Cave |    476 |    476 |      0 |    298 |      4 |   1 |  476.0 |
               +--------+--------+--------+--------+--------+-----+--------+

Top non-repeatable levels by time:
  Lair:3: 1930 daAuts
     D:4: 1883 daAuts
    D:14: 1757 daAuts
    D:12: 1715 daAuts
     D:8: 1699 daAuts
   Orc:2: 1538 daAuts
     D:5: 1410 daAuts
     D:9: 1404 daAuts
  Lair:5: 1361 daAuts
  Lair:2: 1315 daAuts
    D:13: 1313 daAuts
     D:7: 1305 daAuts
  Lair:4: 1264 daAuts
     D:2: 1183 daAuts
    D:10: 1150 daAuts
